 Dungeon Crawl Stone Soup version 0.20-a0-641-g673355a (webtiles) character file.

6593 HallandMoats the Fighter (level 10, 0/86 HPs)
             Began as a Demonspawn Fighter on Feb 13, 2017.
             Was a Priest of Okawaru.
             Slain by Gastronok (27 damage)
             ... on level 9 of the Dungeon.
             The game lasted 00:13:04 (8050 turns).

HallandMoats the Fighter (Demonspawn Fighter)       Turns: 8050, Time: 00:13:05

Health: 0/86       AC:  8    Str: 22    XL:     10   Next: 71%
Magic:  17/17      EV:  8    Int: 14    God:    Okawaru [***...]
Gold:   430        SH:  9    Dex: 15    Spells: 9/9 levels left

rFire    . . .     SeeInvis +   a - +1 hand axe (venom)
rCold    . . .     Gourm    .   J - +3 leather armour of the Carpenter {Str+2}
rNeg     . . .     Faith    .   c - +0 shield
rPois    .         Spirit   .   n - +1 helmet {Int+3}
rElec    .         Reflect  .   z - +0 cloak
rCorr    .         Harm     .   I - -6 pair of gloves of Luvang {Str+4}
MR       .....                  b - +0 pair of boots
Stlth    +.........             (no amulet)
Regen    0.3/turn               x - +3 ring of slaying
MPRegen  0.2/turn               q - ring of see invisible

@: very slightly contaminated, hasted and slowed
A: talons 2, slimy green scales 2
a: Heroism, Renounce Religion


You were on level 9 of the Dungeon.
You worshipped Okawaru.
Okawaru was most pleased with you.
You were hungry.

You visited 2 branches of the dungeon, and saw 10 of its levels.
You also visited: Ossuary.

You collected 430 gold pieces.

Inventory:

Hand Weapons
 a - a +1 hand axe of venom (weapon)
Armour
 b - a +0 pair of boots (worn)
 c - a +0 shield (worn)
 n - a +1 helmet of intelligence (worn)
 z - a +0 cloak (worn)
 I - the -6 pair of gloves of Luvang (worn) {Str+4}
   (You found it on level 6 of the Dungeon)

   It affects your strength (+4).
 J - the +3 leather armour of the Carpenter (worn) {Str+2}
   (You found it on level 5 of the Dungeon)

   It affects your strength (+2).
Jewellery
 q - a ring of see invisible (left hand)
 u - a +3 ring of intelligence {unknown}
 x - a +3 ring of slaying (right hand)
 A - a cursed ring of positive energy {unknown}
 P - an uncursed ring of stealth {unknown}
Wands
 j - a wand of disintegration (7/24)
 M - a wand of paralysis (14/24)
 Q - a wand of acid (7/15)
 S - a wand of flame (24/48)
 X - a wand of random effects (34/48)
Scrolls
 e - a scroll of immolation {unknown}
 g - 3 scrolls of fear {unknown}
 l - 9 scrolls of remove curse
 m - 2 scrolls of noise {unknown}
 o - a scroll of blinking {unknown}
 s - 2 scrolls of recharging {unknown}
 w - 2 scrolls of enchant armour {unknown}
 y - 3 scrolls of teleportation {unknown}
 E - a scroll of acquirement {unknown}
 G - 6 scrolls of magic mapping {unknown}
 H - 3 scrolls of amnesia {unknown}
 O - 5 scrolls of identify
 R - a scroll of fog {unknown}
 T - 3 scrolls of enchant weapon {unknown}
 W - a scroll of vulnerability {unknown}
Potions
 d - 2 potions of might
 h - 2 potions of curing
 i - 2 potions of resistance
 k - 5 potions of mutation
 p - 2 potions of haste
 r - 3 potions of lignification
 t - 3 potions of brilliance
 C - 3 potions of flight
 D - a potion of ambrosia
 K - 2 potions of cancellation
Books
 B - a book of Frost

   Spells                             Type                      Level
   a - Freeze                         Ice                          1
   b - Throw Frost                    Conjuration/Ice              2
   c - Ozocubu's Armour               Charms/Ice                   3
   d - Throw Icicle                   Conjuration/Ice              4
   e - Summon Ice Beast               Ice/Summoning                4
 L - a book of Geomancy

   Spells                             Type                      Level
   a - Sandblast                      Earth                        1
   b - Passwall                       Transmutation/Earth          2
   c - Stone Arrow                    Conjuration/Earth            3
   d - Petrify                        Transmutation/Earth          4
   e - Lee's Rapid Deconstruction     Earth                        5
 V - a book of Death

   Spells                             Type                      Level
   a - Corpse Rot                     Necromancy                   2
   b - Sublimation of Blood           Necromancy                   2
   c - Agony                          Necromancy                   5
   d - Dispel Undead                  Necromancy                   5
   e - Excruciating Wounds            Charms/Necromancy            5
   f - Bolt of Draining               Conjuration/Necromancy       5
Comestibles
 f - 8 bread rations
 F - 3 royal jellies
 N - 2 fruits


   Skills:
 + Level 10.7 Fighting
 + Level 9.8 Axes
 - Level 2.6 Armour
 - Level 2.6 Shields
 * Level 9.5 Invocations


You had 9 spell levels left.
You didn't know any spells.

Dungeon Overview and Level Annotations

Branches:
Dungeon (9/15)             Temple (1/1) D:7            Lair (0/6) D:8
    Orc: D:9-12

Altars:
Ashenzari
Cheibriados
Dithmenos
Fedhas
Gozag
Hepliaklqana
Kikubaaqudgha
Makhleb
Nemelex Xobeh
Okawaru
Qazlal
Ru
Sif Muna
Trog
Uskayaw
Vehumet
Yredelemnul
Zin
The Shining One

Shops:
D:4 *   D:6 (   D:7 *

Annotations:
D:9 Gastronok


Innate Abilities, Weirdness & Mutations

You have razor-sharp toenails.
You are mostly covered in slimy green scales. (AC +3)


Message History

Gastronok is severely wounded.
Gastronok chants a spell, wobbling all the while.
Gastronok puts on a burst of speed!
You hit Gastronok but do no damage.
Gastronok looks as sick as possible!
Gastronok is severely wounded.
You hit Gastronok.
Gastronok looks as sick as possible!
Gastronok is severely wounded.
Gastronok looks at you and mumbles some strange words.
You feel as though you will be slow longer.
You hit Gastronok.
Gastronok is almost dead.
You hit Gastronok.
Gastronok is almost dead.
Gastronok bites you!!
You hit Gastronok.
Gastronok is almost dead.
You slash Gastronok!
Gastronok looks as sick as possible!
Gastronok is almost dead.
Gastronok bites you!!
You die...

...........#
...........#
...........#
........$#.###
.............#
.........####.#
.........# #
........##
.......@#
.......w#
........#
........#
.........
........#
........#
........#


You could see Gastronok.

Vanquished Creatures
  5 death yaks (D:8)
  Joseph (D:7)
  A troll (D:8)
  A spriggan (D:7)
  A wyvern (D:8)
  A water moccasin (D:5)
  2 orc warriors (D:6)
  A sky beast (D:7)
  2 ice beasts
  An ogre (D:4)
  A centaur (D:8)
  A big kobold (D:4)
  An elf zombie (Ossuary)
  4 bullfrogs
  2 scorpions
  A wight (D:7)
  A crimson imp (D:5)
  A jelly (D:8)
  4 centaur zombies
  6 hounds
  3 orc priests
  A human zombie (Ossuary)
  2 iguanas
  6 orc wizards
  5 worker ants
  A killer bee zombie (D:7)
  2 mummies (Ossuary)
  3 gnolls (D:3)
  2 worker ant zombies (D:8)
  6 adders
  2 shadow imps
  2 oozes
  5 adder zombies (Ossuary)
  A worm (D:4)
  4 dart slugs
  3 leopard geckos
  34 orcs
  4 bats
  6 giant cockroaches
  12 goblins
  6 hobgoblins
  7 jackals
  3 quokkas
  A ball python (D:5)
  7 frilled lizards
  A goblin zombie (Ossuary)
  11 hobgoblin zombies (Ossuary)
  22 kobolds
  7 kobold zombies (Ossuary)
  10 orc zombies (Ossuary)
  A quokka zombie (D:5)
  9 rats
227 creatures vanquished.

Vanquished Creatures (others)
  A worker ant (D:7)
  3 plants (D:4)
4 creatures vanquished.

Grand Total: 231 creatures vanquished

Notes
Turn   | Place    | Note
-------+----------+-------------------------------------------
     0 | D:1      | HallandMoats the Demonspawn Fighter began the quest for the Orb.
     0 | D:1      | Reached XP level 1. HP: 18/18 MP: 1/1
   270 | D:1      | Gained mutation: You have sharp toenails. [demonic ancestry]
   270 | D:1      | Reached XP level 2. HP: 24/24 MP: 2/2
   927 | D:2      | Reached XP level 3. HP: 27/29 MP: 3/3
  1664 | D:3      | Reached XP level 4. HP: 37/37 MP: 4/4
  1807 | D:3      | Reached skill level 4 in Fighting
  2215 | D:3      | Gained mutation: You are partially covered in slimy green scales. (AC +2) [demonic ancestry]
  2215 | D:3      | Reached XP level 5. HP: 43/43 MP: 5/5
  2559 | D:4      | Found Nosori's Assorted Antiques.
  2611 | D:4      | Reached skill level 5 in Fighting
  2624 | D:4      | Gained mutation: You have razor-sharp toenails. [demonic ancestry]
  2624 | D:4      | Reached XP level 6. HP: 50/51 MP: 6/6
  2795 | D:4      | Reached skill level 5 in Axes
  3064 | D:4      | Reached skill level 6 in Fighting
  3064 | D:4      | Reached XP level 7. HP: 57/58 MP: 7/7
  3497 | D:5      | Entered Level 5 of the Dungeon
  3898 | D:5      | Reached skill level 7 in Fighting
  4026 | D:5      | Found a stormy altar of Qazlal.
  4029 | D:5      | Gained mutation: You are mostly covered in slimy green scales. (AC +3) [demonic ancestry]
  4029 | D:5      | Reached XP level 8. HP: 61/67 MP: 8/8
  4250 | D:5      | Got a twisted leather armour
  4261 | D:5      | Identified the +3 leather armour of the Carpenter {Str+2} (You found it on level 5 of the Dungeon)
  4673 | D:6      | Found a sand-covered staircase.
  4710 | D:6      | Found a snail-covered altar of Cheibriados.
  4763 | D:6      | Found Boufrufu's Antique Weapon Emporium.
  4788 | Ossuary  | Entered an ossuary
  5110 | D:6      | Reached skill level 8 in Fighting
  5416 | D:6      | Got a pair of scorched gloves
  5427 | D:6      | Identified the cursed -6 pair of gloves of Luvang {Str+4} (You found it on level 6 of the Dungeon)
  5540 | D:7      | Found Dsimatt's Desiderata Depot.
  5717 | D:7      | Noticed Joseph
  5730 | D:7      | Killed Joseph
  5730 | D:7      | Reached skill level 9 in Fighting
  5730 | D:7      | Reached XP level 9. HP: 36/76 MP: 9/9
  6168 | D:7      | Found a staircase to the Ecumenical Temple.
  6291 | Temple   | Entered the Ecumenical Temple
  6512 | Temple   | Became a worshipper of Warmaster Okawaru
  6843 | D:8      | Reached skill level 1 in Invocations
  6879 | D:8      | Noticed a death yak
  6883 | D:8      | Noticed a death yak
  6884 | D:8      | Noticed a death yak
  6886 | D:8      | Noticed a death yak
  6886 | D:8      | Noticed a death yak
  6897 | D:8      | Killed a death yak
  6897 | D:8      | Reached * piety under Okawaru
  6903 | D:8      | Killed a death yak
  6903 | D:8      | Reached skill level 10 in Fighting
  6903 | D:8      | Reached XP level 10. HP: 29/85 MP: 9/14
  6916 | D:8      | Killed a death yak
  6916 | D:8      | Reached ** piety under Okawaru
  6920 | D:8      | Found a staircase to the Lair.
  6923 | D:8      | Killed a death yak
  6932 | D:8      | Killed a death yak
  6932 | D:8      | Reached *** piety under Okawaru
  8026 | D:9      | Noticed Gastronok
  8050 | D:9      | Slain by Gastronok

Vault maps used:
D:1:      elethiomel_arrival_shortcut
D:2:      minmay_misc_feat_more_columns, kennysheep_generic_room_7
D:4:      kennysheep_kobold_camp, serial_shops, nicolae_shop_crystal
D:5:      first_bread, basic_altar, minmay_misc_feat_columns,
          corexii_item_surrounded_by_moat
D:6:      nicolae_ossuary_entry_ruins, serial_shops, shop, basic_altar
D:7:      lemuel_temple_firewalk_b, the_bakery, nicolae_alphabet_shops,
          uniq_joseph
D:8:      dpeg_lair_monsters
D:9:      slow_altar_1, gammafunk_temple_overflow_pools, uniq_maurice,
          uniq_pikel, uniq_gastronok
Temple:   eino_narrow_crystal_temple
Ossuary:  ossuary_tomb_1

Skill      XL: |  1  2  3  4  5  6  7  8  9 10 |
---------------+-------------------------------+-----
Axes           | 2 3 4 5 6 8 9 |  9.8
Fighting       | 4 5 6 7 9 10 | 10.7
Invocations    | 6 9 |  9.5
Armour         | |  2.6
Shields        | |  2.6

Action                   |  1- 3 |  4- 6 |  7- 9 | 10-12 || total
-------------------------+-------+-------+-------+-------++-------
Melee: War axe           |   147 |    91 |       |       ||   238
       Kick              |    25 |    43 |    23 |       ||    91
       Hand axe          |       |    53 |   330 |    95 ||   478
Invok: Heroism           |       |       |       |     1 ||     1
  Use: Potion            |       |     3 |     9 |     1 ||    13
       Scroll            |       |       |    11 |       ||    11
 Stab: Invisible         |       |       |     1 |     4 ||     5
  Eat: Chunk             |     3 |     4 |    13 |     3 ||    23
Armor: Scale mail        |    84 |    65 |    52 |       ||   201
       Leather armour    |       |       |    71 |    19 ||    90
Dodge: Dodged            |    40 |    43 |    78 |    17 ||   178
Block: Shield            |    54 |    56 |   120 |    29 ||   259
